 Dungeon Crawl Stone Soup version 0.30-a0-996-ga6910c8ee8 (webtiles) character file.

Game seed: 874210860366893771

3253 Monkooky the Cruncher (level 9, -9/68 HPs)
             Began as a Mummy Monk on Apr 5, 2023.
             Was a High Priest of Okawaru.
             Killed from afar by Maggie (25 damage)
             ... with a bolt of fire
             ... on level 8 of the Dungeon.
             The game lasted 00:17:27 (8065 turns).

Monkooky the Cruncher (Mummy Monk)                  Turns: 8065, Time: 00:17:28

Health: -9/68      AC: 16    Str: 18    XL:     9   Next: 67%
Magic:  0/14       EV: 13    Int: 10    God:    Okawaru [*****.]
Gold:   400        SH:  0    Dex: 14    Spells: 5/8 levels left

rFire   . . .      SeeInvis +    d - +0 quarterstaff
rCold   + . .      Faith    +    (shield currently unavailable)
rNeg    + + +      Spirit   +    w - +4 scale mail {rC+}
rPois   ∞          Reflect  .    n - +0 helmet
rElec   .          Rampage  .    l - +2 cloak {Will+}
rCorr   .                        (no gloves)
Will    ++...                    (no boots)
Stlth   ++                       e - amulet of guardian spirit
HPRegen 0.31/turn                c - ring of see invisible
MPRegen 0.14/turn                t - ring of fire

@: heroic, finesse-ful
A: cold resistance 1, negative energy resistance 3, torment resistance 2, heat
vulnerability 1, in touch with death 1, no potions, faith
a: Renounce Religion, Heroism, Finesse, Duel


You were on level 8 of the Dungeon.
You worshipped Okawaru.
Okawaru was extremely pleased with you.
You visited 1 branch of the dungeon, and saw 8 of its levels.

You collected 400 gold pieces.

Inventory:

Hand Weapons
 a - a +0 spear
 d - a +0 quarterstaff (weapon)
Missiles
 p - 2 boomerangs (quivered)
 u - 2 javelins
Armour
 b - a +0 robe
 h - a +0 ring mail
 k - a +0 cloak
 l - a +2 cloak of willpower (worn)
 m - a +0 animal skin
 n - a +0 helmet (worn)
 w - a +4 scale mail of cold resistance (worn)
 x - a +0 scale mail
Magical Staves
 y - a staff of fire
Jewellery
 c - a ring of see invisible (left hand)
 e - an amulet of guardian spirit (around neck)
 t - a ring of fire (right hand)
 z - a ring of wizardry
Wands
 s - a wand of roots (3)
 A - a wand of mindburst (16)
Scrolls
 f - 2 scrolls of fear {unknown}
 g - 2 scrolls of teleportation
 i - a scroll of silence {unknown}
 j - 2 scrolls of blinking
 o - 2 scrolls of magic mapping
 q - 2 scrolls of fog
 r - a scroll of amnesia
 v - a scroll of vulnerability


   Skills:
 - Level 5.0(10.0) Fighting
 - Level 2.5(10.8) Polearms
 + Level 8.2(13.4) Staves
 - Level 2.9(7.9) Armour
 - Level 2.5(7.5) Dodging
 - Level 1.8(6.8) Stealth
 - Level 6.7 Invocations


You had 5 spell levels left.
You knew the following spells:

 Your Spells              Type           Power      Damage    Failure   Level
a - Vampiric Draining     Necr           0%         2d6       97%         3

Your spell library contained the following spells:

 Spells                   Type           Power      Damage    Failure   Level
 Necrotise                Necr           0%         1d4       71%         1
 Agony                    Necr           0%         N/A       100%        5
 Orb of Destruction       Conj           0%         9d5       100%        7
 Summon Guardian Golem    Hex/Summ       Unusable   N/A       N/A         3
 Spellforged Servitor     Conj/Summ      Unusable   N/A       N/A         7

Dungeon Overview and Level Annotations

Branches:
Dungeon (8/15)             Temple (0/1) D:5
   Lair: D:8-11

Altars:
Ashenzari
Okawaru
Qazlal
Vehumet

Shops:
D:4 *   D:5 (

Annotations:
D:3 Terence
D:8 Maggie


Innate Abilities, Weirdness & Mutations

You are immune to poison.
Your flesh is cold resistant. (rC+)
You are immune to negative energy. (rN+++)
You are immune to unholy pain and torment.
You are vulnerable to heat. (rF-)
You are in touch with the powers of death.
You do not drink.
You have a special connection with the divine. (Faith)


Message History

The bolt of fire hits you!!
* * * LOW HITPOINT WARNING * * *
You hit Maggie.
Maggie is lightly wounded.
You closely miss Maggie.
Maggie is lightly wounded.
You closely miss Maggie.
Maggie is lightly wounded.
Maggie closely misses you.
Aiming: Fastroot
Press: ? - help, Shift-Dir - straight line, f - Maggie
Aim: Maggie, wielding a +4 long sword of flaming and wearing +0 steam dragon scales (lightly wounded)
The roots erupt in riotous growth!
Roots grab Maggie.
The grasping roots constrict Maggie.
You hear a shout! x4; You hear a loud, deep croak!
You hear a shout! x2
Maggie barely misses you.
You hit Maggie but do no damage.
Maggie is moderately wounded.
The grasping roots constrict Maggie.
The roots release their grip on Maggie.
You barely miss Maggie.
Maggie is moderately wounded.
Aiming: Fastroot
Press: ? - help, Shift-Dir - straight line, f/p - Maggie
Aim: Maggie, wielding a +4 long sword of flaming and wearing +0 steam dragon scales (moderately wounded)
The roots erupt in riotous growth!
Roots grab Maggie.
The grasping roots constrict Maggie.
You hear a shout!
Maggie mumbles some strange words.
Maggie attempts to bespell you!
You easily resist.
You completely miss Maggie.
Maggie is moderately wounded.
The grasping roots constrict Maggie.
You sock Maggie!
Maggie is heavily wounded.
The grasping roots constrict Maggie.
The roots release their grip on Maggie.
Maggie points at you and mumbles some strange words.
The bolt of fire hits you!!
You die...

#..........#
#.......♣..####
#......♣♣♣....#
#
#......♣♣♣....#
#
#........♣....#
#
#..........####
#
#............#
#
#########....#
#.@..# #@#####
#.....# #..##.#
#..# #..# ^..#
..... .....


You could see Maggie.

Vanquished Creatures
  Grinder (D:4)
  A steam dragon (D:7)
  2 water moccasins
  An orc warrior (D:6)
  A sky beast (D:7)
  5 ice beasts
  A black bear (D:5)
  An ogre (D:6)
  A centaur (D:8)
  Blork the orc (D:4)
  3 bullfrogs
  6 scorpions
  4 wights
  A howler monkey (D:6)
  A gnoll bouda (D:1)
  2 jellies
  4 orc priests
  3 hounds
  Ijyb (D:4)
  2 iguanas
  7 sleepcaps
  7 orc wizards
  Robin (D:3)
  5 gnolls
  2 adders
  2 shadow imps (D:5)
  A white imp (D:6)
  2 worms (D:2)
  6 dart slugs
  36 orcs
  5 bats
  4 endoplasms
  2 giant cockroaches (D:2)
  7 goblins
  7 hobgoblins
  2 quokkas
  6 ball pythons
  4 frilled lizards
  7 kobolds
  5 rats
160 creatures vanquished.

Vanquished Creatures (others)
  17 fungi (D:8)
  21 plants (D:8)
38 creatures vanquished.

Grand Total: 198 creatures vanquished

Notes
Turn   | Place    | Note
-------+----------+-------------------------------------------
     0 | D:1      | Monkooky the Mummy Monk began the quest for the Orb.
     0 | D:1      | Reached XP level 1. HP: 18/18 MP: 1/1
    75 | D:1      | Reached XP level 2. HP: 24/24 MP: 2/2
   346 | D:1      | Reached skill level 1 in Staves
   872 | D:2      | Gained mutation: You are in touch with the powers of death.
                  | [Mummy growth]
   872 | D:2      | Reached XP level 3. HP: 29/29 MP: 3/3
  1027 | D:1      | Reached skill level 2 in Staves
  1168 | D:2      | Reached XP level 4. HP: 32/35 MP: 4/4
  1285 | D:2      | Found an iron altar of Okawaru.
  1293 | D:2      | Became a worshipper of Warmaster Okawaru
  1293 | D:2      | Reached * piety under Okawaru
  1293 | D:2      | Reached ** piety under Okawaru
  1544 | D:3      | Reached skill level 3 in Staves
  1772 | D:3      | Noticed Robin
  1779 | D:3      | Reached XP level 5. HP: 41/41 MP: 5/5
  1807 | D:3      | Killed Robin
  2298 | D:3      | Noticed Terence
  2638 | D:3      | Reached skill level 4 in Staves
  3027 | D:4      | Reached XP level 6. HP: 34/47 MP: 4/6
  3076 | D:4      | Noticed Grinder
  3113 | D:4      | Killed Grinder
  3113 | D:4      | Reached *** piety under Okawaru
  3114 | D:4      | Reached skill level 5 in Staves
  3237 | D:4      | Found Doixakhli's Desiderata Depot.
  3382 | D:4      | Found an iron altar of Okawaru.
  3391 | D:4      | Reached XP level 7. HP: 42/52 MP: 7/7
  3469 | D:4      | Reached skill level 6 in Staves
  3696 | D:4      | Noticed Ijyb
  3716 | D:4      | Killed Ijyb
  3838 | D:4      | Noticed Blork the orc
  3854 | D:4      | Killed Blork the orc
  4043 | D:5      | Entered Level 5 of the Dungeon
  4115 | D:5      | Reached skill level 7 in Staves
  4270 | D:5      | Found a staircase to the Ecumenical Temple.
  4294 | D:5      | Reached **** piety under Okawaru
  4295 | D:5      | Reached XP level 8. HP: 43/58 MP: 5/8
  4385 | D:5      | Reached skill level 1 in Invocations
  4486 | D:5      | Found Fokhaoha's Weapon Shop.
  4520 | D:5      | Learned a level 3 spell: Vampiric Draining
  4814 | D:5      | Found a stormy altar of Qazlal.
  5367 | D:6      | Reached ***** piety under Okawaru
  5521 | D:6      | Reached skill level 5 in Invocations
  5758 | D:6      | Reached XP level 9. HP: 45/63 MP: 7/13
  6423 | D:7      | Identified the +1 robe of the Sea {Will+} (Okawaru gifted
                  | it to you on level 7 of the Dungeon)
  6423 | D:7      | Received a gift from Okawaru
  6460 | D:7      | Reached skill level 1 in Armour
  7093 | D:7      | Reached skill level 5 in Fighting
  7561 | D:7      | Found a broken altar of Ashenzari.
  7561 | D:7      | Found a radiant altar of Vehumet.
  7826 | D:8      | Reached skill level 8 in Staves
  8039 | D:8      | Noticed Maggie
  8065 | D:8      | Killed from afar by Maggie

Illustrated notes

Levels and vault maps discovered:
D:1:      dpeg_arrival_connections, layout_rooms
D:2:      layout_loops_ring, basic_altar
D:3:      layout_basic, uniq_terence, uniq_robin
D:4:      layout_loops_corners, hellmonk_okawaru_the_only_friend_you_need,
          nicolae_alphabet_shops, uniq_grinder, uniq_ijyb, uniq_blork_the_orc
D:5:      layout_loops_ring, lemuel_tele_altar, minmay_temple_entry_arrows,
          serial_shops, nicolae_shop_hallway_plus, grunt_decor_arrowhead,
          hellmonk_no_cap
D:6:      layout_loops_ring
D:7:      layout_layer_cave, amethyst_overflow_temple_binary
D:8:      layout_basic, chequers_temple_overflow_statue_of_worship,
          grunt_lair_entry_orc_guard_hut, uniq_maggie

Skill      XL: |  1  2  3  4  5  6  7  8  9 |
---------------+----------------------------+-----
Staves         | 1 2 3 4 5 7 8 |  8.2
Invocations    | 6 |  6.7
Armour         | 2 |  2.9
Fighting       | 5 |  5.0
Polearms       | |  2.5
Dodging        | |  2.5
Stealth        | |  1.8

Action                     |  1- 3 |  4- 6 |  7- 9 || total
---------------------------+-------+-------+-------++-------
  Melee: Spear             |    15 |       |       ||    15
         Quarterstaff      |    66 |   223 |   476 ||   765
  Throw: Javelin           |       |       |     2 ||     2
         Boomerang         |       |       |     5 ||     5
 Invoke: Heroism           |       |     1 |     2 ||     3
         Finesse           |       |       |     1 ||     1
  Evoke: Wand              |       |       |     6 ||     6
    Use: Scroll            |       |     2 |     5 ||     7
   Stab: Sleeping          |     5 |       |       ||     5
 Armour: Ring mail         |    21 |   103 |   119 ||   243
         Robe              |     1 |       |       ||     1
         Scale mail        |       |       |   112 ||   112
  Dodge: Dodged            |    51 |   130 |   236 ||   417

Table legend: (Time is in decaauts)
 A = Elapsed time spent in this place.
 B = Non-inter-level travel time spent in this place.
 C = Inter-level travel time spent in this place.
 D = Time resting spent in this place.
 E = Time spent auto-exploring this place.
 F = Levels seen in this place.
 G = Mean time per level.
                   A        B        C        D        E       F      G
               +--------+--------+--------+--------+--------+-----+--------+
         Total |   8049 |   7576 |    473 |    352 |   5587 |   8 | 1006.1 |
       Dungeon |   8049 |   7576 |    473 |    352 |   5587 |   8 | 1006.1 |
               +--------+--------+--------+--------+--------+-----+--------+

Top non-repeatable levels by time:
     D:6: 1476 daAuts
     D:3: 1439 daAuts
     D:4: 1168 daAuts
     D:5: 1152 daAuts
     D:7: 1108 daAuts
     D:2: 741 daAuts
     D:1: 719 daAuts
     D:8: 244 daAuts
